 Dungeon Crawl Stone Soup version 0.30-a0-779-g7971cf19c3 (webtiles) character file.

Game seed: 18386703451457164139

47 Farfigtubin the Sneak (level 3, -5/20 HPs)
             Began as a Kobold Enchanter on Feb 18, 2023.
             Was an Initiate of Dithmenos.
             Slain by a gnoll
             ... wielding a +0 whip
              (8 damage)
             ... on level 3 of the Dungeon.
             The game lasted 00:15:56 (2924 turns).

Farfigtubin the Sneak (Kobold Enchanter)            Turns: 2924, Time: 00:15:56

Health: -5/20      AC:  3    Str:  5    XL:     3   Next: 97%
Magic:  3/6        EV: 15    Int: 16    God:    Dithmenos [......]
Gold:   135        SH:  0    Dex: 17    Spells: 3/7 levels left

rFire   . . .      SeeInvis .    p - staff of earth
rCold   . . .      Faith    .    (shield currently unavailable)
rNeg    . . .      Spirit   .    b - +0 robe
rPois   .          Reflect  .    (no helmet)
rElec   .          Harm     .    o - +0 cloak
rCorr   .          Rampage  .    (no gloves)
Will    .....                    (no boots)
Stlth   ++++                     (no amulet)
HPRegen 0.23/turn                (no ring)
MPRegen 0.10/turn                (no ring)

@: no status effects
A: small, no large weapons, nightstalker 3
a: Renounce Religion


You were on level 3 of the Dungeon.
You worshipped Dithmenos.
Dithmenos was noncommittal.
You visited 1 branch of the dungeon, and saw 3 of its levels.

You collected 135 gold pieces.

Inventory:

Hand Weapons
 a - a +1 dagger
Missiles
 k - 2 stones (quivered)
 r - 4 poisoned darts
Armour
 b - a +0 robe (worn)
 o - a +0 cloak (worn)
Magical Staves
 p - a staff of earth (weapon)
Scrolls
 d - 2 scrolls of fear {unknown}
 f - 4 scrolls of identify {unknown}
 i - 3 scrolls of teleportation {unknown}
 j - a scroll of amnesia {unknown}
 l - a scroll of noise {unknown}
 m - a scroll of vulnerability {unknown}
 s - a scroll of blinking {unknown}
 u - a scroll of brand weapon {unknown}
Potions
 c - 2 potions of invisibility
 e - a potion of might {unknown}
 g - 3 potions of curing {unknown}
 h - 2 potions of heal wounds {unknown}
 n - 3 potions of haste {unknown}
 q - 2 potions of lignification {unknown}
 t - a potion of flight {unknown}


   Skills:
 + Level 0.4 Fighting
 * Level 2.4 Short Blades
 + Level 2.9 Dodging
 + Level 4.4 Stealth
 + Level 2.6 Spellcasting
 + Level 3.2 Hexes
 + Level 0.2 Ice Magic
 + Level 0.2 Earth Magic


You had 3 spell levels left.
You knew the following spells:

 Your Spells              Type           Power      Damage    Failure   Level
a - Ensorcelled Hibernat  Hex/Ice        14%        N/A       14%         2
b - Apportation           Tloc           4%         N/A       21%         1
c - Sandblast             Erth           8%         2d5       19%         1

Your spell library contained the following spells:

 Spells                   Type           Power      Damage    Failure   Level
 Confusing Touch          Hex            12%        N/A       16%         3
 Tukima's Dance           Hex            12%        N/A       16%         3
 Passwall                 Tmut/Erth      2%         N/A       28%         2
 Dazzling Flash           Conj/Hex       14%        N/A       30%         3
 Stone Arrow              Conj/Erth      6%         3d7       50%         3
 Alistair's Intoxication  Tmut/Pois      1%         N/A       99%         5


Dungeon Overview and Level Annotations

Branches:
Dungeon (3/15)

Altars:
Dithmenos
Nemelex Xobeh
Okawaru
Yredelemnul


Innate Abilities, Weirdness & Mutations

You are small and have problems with some larger weapons.
You are completely attuned to the shadows.


Message History

You feel a surge of power!
The blast of sand hits the gnoll.
The gnoll is moderately wounded.
The gnoll hits you with a +0 whip.
* * * LOW HITPOINT WARNING * * *
The gnoll misses you.
Casting: Sandblast (safe; 19% risk of failure)
Confirm with . or Enter, or press ? or * to list all spells.
Aiming: Sandblast (safe; 19% risk of failure)
Press: ? - help, Shift-Dir - straight line, f/p - gnoll
Aim: a gnoll, wielding a +0 whip (moderately wounded, 83% to hit)
You feel a surge of power!
You miscast Sandblast.
You are very lightly contaminated with residual magic.
Nothing appears to happen.
The gnoll hits you with a +0 whip.
* * * LOW HITPOINT WARNING * * *
The gnoll attacks as you move away! The gnoll misses you.
A gnoll comes into view. It is wielding a +0 whip.
The gnoll moves out of view.
Casting: Sandblast (safe; 19% risk of failure)
Confirm with . or Enter, or press ? or * to list all spells.
Aiming: Sandblast (safe; 19% risk of failure)
Press: ? - help, Shift-Dir - straight line, f/p - gnoll
Aim: a gnoll, wielding a +0 whip (moderately wounded, 83% to hit)
You feel a surge of power!
You miscast Sandblast.
Nothing appears to happen.
The gnoll hits you but does no damage. The gnoll attacks as you move away!
The gnoll closely misses you. The gnoll attacks as you move away!
The gnoll misses you. The gnoll attacks as you move away!
The gnoll hits you with a +0 whip.
* * * LOW HITPOINT WARNING * * *
Your magical contamination has completely faded away.
Casting: Sandblast (safe; 19% risk of failure)
Confirm with . or Enter, or press ? or * to list all spells.
Aiming: Sandblast (safe; 19% risk of failure)
Press: ? - help, Shift-Dir - straight line, f/p - gnoll
Aim: a gnoll, wielding a +0 whip (moderately wounded, 83% to hit)
You feel a surge of power!
The blast of sand hits the gnoll!
The gnoll is almost dead.
The gnoll hits you with a +0 whip.
* * * LOW HITPOINT WARNING * * *
The gnoll attacks as you move away! The gnoll hits you with a +0 whip!
You die...

##.##.........#...
......#.......#.##
####..#......#...#
#.......#.....#
##.#.##.#.....# #
#####.#....#.###g#.#.
........#..#.# #.#...
##########.#.###g..#
# .#....@.## #
#..###..## ###### #
#....#..# ##..... #
##......# #...###
###########..##.###
#...#
#........)...<...#
#...#
#.##########...#.#
#...#
#............>.#.#
##.##
######.#.####.##.#
#######.#


You could see 2 gnolls.

Vanquished Creatures
  3 orcs (D:3)
  6 endoplasms
  4 giant cockroaches
  2 goblins
  2 hobgoblins (D:3)
  6 kobolds
  5 quokkas
  3 ball pythons
  4 bats
  A frilled lizard (D:1)
  2 rats
38 creatures vanquished.

Vanquished Creatures (others)
  2 plants (D:1)
2 creatures vanquished.

Grand Total: 40 creatures vanquished

Notes
Turn   | Place    | Note
-------+----------+-------------------------------------------
     0 | D:1      | Farfigtubin the Kobold Enchanter began the quest for the
                  | Orb.
     0 | D:1      | Reached XP level 1. HP: 10/10 MP: 3/3
   131 | D:1      | Reached XP level 2. HP: 9/15 MP: 5/5
   225 | D:1      | Found a faded altar of an unknown god.
   291 | D:1      | Learned a level 2 spell: Ensorcelled Hibernation
   435 | D:1      | Reached XP level 3. HP: 11/19 MP: 1/6
  1087 | D:2      | Learned a level 1 spell: Apportation
  1101 | D:2      | Learned a level 1 spell: Sandblast
  1795 | D:3      | Found an iron altar of Okawaru.
  1798 | D:3      | Found a sparkling altar of Nemelex Xobeh.
  1799 | D:3      | Found a basalt altar of Yredelemnul.
  1799 | D:3      | Found a shadowy altar of Dithmenos.
  1810 | D:3      | Became a worshipper of Dithmenos the Shadowed
  1848 | D:3      | Found the +7 Kryia's mail coat {PotionHeal*2 rC+}
  2924 | D:3      | Slain by a gnoll

Illustrated notes

Levels and vault maps discovered:
D:1:      tarquinn_simple_flora_water_e, layout_rooms,
          shapermc_ecumenical_altar_ellora
D:2:      layout_loops_corners
D:3:      layout_basic, grunt_temple_overflow_open

Skill      XL: |  1  2 |
---------------+-------+-----
Short Blades   | 2 |  2.4
Fighting       | |  0.4
Dodging        | |  2.9
Stealth        | |  4.4
Spellcasting   | |  2.6
Hexes          | |  3.2
Ice Magic      | |  0.2
Earth Magic    | |  0.2

Action                     || total
---------------------------++-------
  Melee: Dagger            ||    64
         Punch             ||     2
         Staff             ||     1
  Throw: Stone             ||     2
   Cast: Ensorcelled Hiber ||    13
         Sandblast         ||    46
   Stab: Sleeping          ||    14
 Armour: Robe              ||    35
  Dodge: Dodged            ||   156

Table legend: (Time is in decaauts)
 A = Elapsed time spent in this place.
 B = Non-inter-level travel time spent in this place.
 C = Inter-level travel time spent in this place.
 D = Time resting spent in this place.
 E = Time spent auto-exploring this place.
 F = Levels seen in this place.
 G = Mean time per level.
                   A        B        C        D        E       F      G
               +--------+--------+--------+--------+--------+-----+--------+
         Total |   2940 |   2871 |     69 |    304 |   1418 |   3 |  980.0 |
       Dungeon |   2940 |   2871 |     69 |    304 |   1418 |   3 |  980.0 |
               +--------+--------+--------+--------+--------+-----+--------+

Top non-repeatable levels by time:
     D:3: 1162 daAuts
     D:2: 953 daAuts
     D:1: 824 daAuts
